 Dungeon Crawl Stone Soup version 0.19-a0-1260-gc94d3f7 (webtiles) character file.

49 Leszczynek the Scratcher (level 3, 0/17 HPs)
             Began as a Felid Monk on Aug 28, 2016.
             Succumbed to an adder's poison
             ... on level 1 of the Dungeon.
             The game lasted 00:04:10 (1079 turns).

Leszczynek the Scratcher (Felid Monk)               Turns: 1079, Time: 00:04:11

Health: 0/17       AC:  1    Str:  6 (7)  XL:     3   Next: 53%
Magic:  4/4        EV: 19    Int: 10 (12) God:
Gold:   45         SH:  0    Dex: 15 (18) Spells: 0 memorised, 2 levels left
                                        Lives:  0   Deaths: 0

rFire  . . .     SeeInvis +       - Unarmed
rCold  . . .     Gourm    .     (armour unavailable)
rNeg   . . .     Faith    .     (shield unavailable)
rPois  .         Spirit   .     (helmet unavailable)
rElec  .         Dismiss  .     (cloak unavailable)
rCorr  +         Reflect  .     (gloves unavailable)
MR     .....     Harm     .     (boots unavailable)
Stlth  +++.......               (no amulet)
                                (no ring)
                                g - ring of resist corrosion

@: lethally poisoned (0 -> -12), quick
A: no armour, no weapons or thrown items, claws 1, fangs 3, see invisible,
carnivore 3, speed 1, shaggy fur 1, slow metabolism 1, sharp paws
a: no special abilities


You were on level 1 of the Dungeon.
You were completely stuffed.

You visited 1 branch of the dungeon, and saw 2 of its levels.

You collected 45 gold pieces.

Inventory:

Jewellery
 g - a ring of resist corrosion (left paw)
Scrolls
 b - a scroll of teleportation {unknown}
 c - a scroll of remove curse {unknown}
 d - a scroll of recharging {unknown}
 e - a scroll of blinking {unknown}
 f - a scroll of identify {unknown}
Comestibles
 a - a meat ration
 h - 5 chunks of flesh


   Skills:
 - Level 3.0 Fighting
 - Level 4.0 Dodging
 - Level 3.4 Stealth
 * Level 4.3 Unarmed Combat


You had 2 spell levels left.
You didn't know any spells.

Dungeon Overview and Level Annotations

Branches:
Dungeon (2/15)

Altars:


Innate Abilities, Weirdness & Mutations

You cannot wear armour.
You are incapable of wielding weapons or throwing items.
You have sharp claws.
You have razor-sharp teeth.
You have supernaturally acute eyesight. (SInv)
You are carnivorous and can eat meat at any time.
You cover ground quickly.
You are covered in fur. (AC +1)
You have a slow metabolism.
Your sharp claws are effective at attacking unaware monsters.


Message History

The adder bites you.
* * * LOW HITPOINT WARNING * * *
You are more poisoned.
The adder poisons you!
You scratch the adder.
The adder is almost dead.
* * * LOW HITPOINT WARNING * * *
You feel sick. The adder completely misses you.
You scratch the adder.
You kill the adder!
* * * LOW HITPOINT WARNING * * *
You feel sick.
* * * LOW HITPOINT WARNING * * *
You feel sick.
You see here an adder corpse.
You butcher the adder corpse.
You see here 2 chunks of flesh.
Okay, then.
h - 5 chunks of flesh (gained 2)
You die...

#...#.######.#............
#...#.######.#............
#.........##.#######'###..
#.........'...............
#.........##.........###..
###.......#............###
#.......#...............
#.......#............###
####......@#...............
#........>.+...............
#..........#...............
#..............##..........
#..............##..........
#..............##.........#
#....#.........##...^......
#..............##..........
#).......#####......##.....


There were no monsters in sight!

Vanquished Creatures
  A gnoll (D:1)
  An adder (D:1)
  A giant gecko (D:1)
  3 giant cockroaches (D:1)
  3 goblins (D:1)
  2 hobgoblins (D:1)
  7 kobolds
  A ball python (D:1)
  4 bats (D:1)
  A giant newt (D:1)
  5 rats (D:1)
29 creatures vanquished.

Notes
Turn   | Place    | Note
-------+----------+-------------------------------------------
     0 | D:1      | Leszczynek the Felid Monk began the quest for the Orb.
     0 | D:1      | Reached XP level 1. HP: 10/10 MP: 2/2
   393 | D:1      | Reached XP level 2. HP: 14/14 MP: 3/3
   739 | D:1      | Reached skill level 3 in Stealth
   964 | D:1      | Reached skill level 4 in Unarmed Combat
   964 | D:1      | Reached XP level 3. HP: 14/17 MP: 4/4
  1077 | D:1      | HP: 1/17 [poisoned by an adder]
  1079 | D:1      | Succumbed to an adder's poison

Vault maps used:
D:1:      dpeg_arrival_radiant
D:2:      first_bread, minmay_rat_gold_closets

Skill      XL: |  1  2 |
---------------+-------+-----
Stealth        | 3 |  3.4
Unarmed Combat | 4 |  4.3
Fighting       | |  3.0
Dodging        | |  4.0

Action                   || total
-------------------------++-------
Melee: Unarmed           ||    76
       Bite              ||     4
       Punch             ||     1
  Use: Potion            ||     1
 Stab: Sleeping          ||     7
  Eat: Chunk             ||     8
Dodge: Dodged            ||    64
